Map: Port Aleksander LE

Players

Ziggy

  • Race: Terran Terran
  • Spawn Location: 11:00

MacSed - Winner!

  • Race: Protoss Protoss
  • Spawn Location: 5:00

Event: 2019 WCS Spring

VOD

Have the link to the VOD?

Description

Time

  • Played on: May 17, 2019, 2:09 p.m.
  • Length: 12:13

All games in this series

Show
View Real Time Build Order
Export as new Build Order

Ziggy Terran 

Build Orders: Banshee Rush 

Get SALT Encoding   

  12  0:00  SCV  
  13  0:12  SCV  
  14  0:17  Supply Depot  
  14  0:24  SCV  
  15  0:29  Refinery  
  15  0:39  SCV  
  16  0:45  Barracks  
  16  0:51  SCV  
  17  1:03  SCV  
  18  1:15  SCV  
  20  1:32  Reaper, Orbital Command  
  20  1:37  Engineering Bay  
  20  1:57  Command Center  
  20  2:07  Factory, Barracks Reactor  
  20  2:11  SCV  
  21  2:18  Supply Depot  
  21  2:24  SCV, Refinery  
  22  2:36  SCV  
  23  2:48  SCV  
  23  2:49  Marine x2  
  23  2:51  Widow Mine  
  28  2:53  Starport  
  28  3:00  SCV  
  29  3:07  Marine x2  
  29  3:12  Orbital Command  
  31  3:18  Factory Tech Lab  
  31  3:19  SCV  
  32  3:25  Marine x2  
  34  3:29  Starport Tech Lab, Orbital Command  
  34  3:31  SCV  
  35  3:40  Cyclone  
  38  3:43  SCV  
  41  3:49  Cloaking Field  
  41  3:56  SCV  
  41  3:58  SCV  
  41  4:01  Supply Depot  
  41  4:02  Banshee  
  41  4:08  SCV  
  45  4:11  SCV  
  45  4:16  Marine  
  46  4:22  SCV, Cyclone, Marine  
  46  4:23  SCV  
  52  4:26  Supply Depot  
  52  4:34  SCV  
  52  4:35  SCV  
  54  4:39  Supply Depot  
  54  4:45  Barracks  
  54  4:47  Banshee  
  54  4:48  SCV  
  54  4:51  SCV  
  59  4:53  Marine x2  
  59  4:56  Bunker  
  61  5:00  Supply Depot  
  61  5:01  Siege Tank  
  61  5:02  Refinery  
  61  5:06  SCV  
  65  5:10  SCV, Barracks  
  66  5:18  SCV, Engineering Bay  
  67  5:21  Marine x2  
  67  5:25  SCV  
  70  5:36  Raven  
  70  5:37  SCV  
  70  5:38  SCV  
  70  5:39  Marine  
  70  5:45  Missile Turret  
  70  5:46  Missile Turret  
  70  5:47  Missile Turret  
  59  5:52  Marine  
  59  5:54  SCV x2  
  51  5:59  Marine  
  51  6:00  Marine  
  48  6:19  Orbital Command  
  44  6:29  Marine x3  
  44  6:31  SCV  
  44  6:32  Siege Tank  
  48  6:43  SCV  
  48  6:46  Missile Turret  
  49  6:52  SCV  
  50  6:54  Barracks Tech Lab x2  
  50  6:55  SCV  
  51  7:04  SCV  
  51  7:07  SCV  
  53  7:13  Stimpack  
  54  7:16  SCV  
  54  7:19  SCV  
  54  7:20  Marine x2  
  54  7:22  Barracks Reactor  
  57  7:28  SCV  
  58  7:31  SCV  
  58  7:33  Terran Infantry Weapons Level 1  
  59  7:38  Barracks  
  59  7:40  SCV  
  59  7:41  Barracks  
  59  7:43  SCV  
  61  7:46  Marauder  
  61  7:49  Marauder  
  65  7:52  SCV  
  65  7:55  Supply Depot  
  65  7:56  SCV  
  65  7:58  Supply Depot  
  67  8:00  Refinery  
  67  8:04  SCV  
  68  8:08  SCV  
  68  8:09  Marine  
  70  8:14  Combat Shield  
  70  8:17  SCV, Siege Tank, Marine  
  75  8:20  SCV  
  75  8:23  Supply Depot  
  75  8:24  Marauder  
  75  8:25  Supply Depot  
  75  8:26  Marauder  
  80  8:27  Barracks Tech Lab  
  80  8:29  Barracks Reactor  
  80  8:30  Barracks Tech Lab  
  80  8:31  SCV  
  80  8:33  SCV  
  82  8:42  Medivac  
  82  8:44  Barracks Reactor  
  82  8:45  Marine  
  82  8:47  Marine x2  
  89  8:49  Medivac  
  89  8:56  Barracks  
  89  8:59  Factory Reactor  
  89  9:00  Supply Depot  
  89  9:01  Marauder  
  89  9:02  Supply Depot  
  91  9:03  Marine  
  91  9:06  Marauder x2  
  96  9:13  Medivac  
  98  9:19  Missile Turret  
  98  9:21  Marauder, Missile Turret  
  100  9:24  Marine x2  
  100  9:25  Missile Turret  
  100  9:28  Missile Turret, Concussive Shells  
  102  9:34  Marauder x2, Marine  
  107  9:39  Medivac  
  109  9:49  Widow Mine x2  
  109  9:50  Marauder, Marine x2  
  117  10:00  Supply Depot  
  117  10:01  Medivac  
  117  10:02  Supply Depot  
  117  10:03  Marine x2  
  121  10:10  Marine x2  
  121  10:11  Marauder  
  125  10:17  Marine  
  126  10:21  Marine  
  126  10:26  Marine  
  126  10:27  Marine  
  129  10:28  Marine  
  129  10:29  Widow Mine  
  129  10:32  Marauder  
  126  10:45  Marauder, Marine  
  105  11:00  Marine  
  105  11:01  Marauder  
  85  11:06  Marine x3  
  85  11:07  Marauder x2  
  85  11:16  Widow Mine x2  
  85  11:18  Marine  
  88  11:19  Medivac  
  88  11:21  Marine  
  88  11:22  Medivac  
  88  11:24  Marauder  
  88  11:25  Marauder  
  97  11:28  Marauder x2, Marine  
  102  11:39  Marine  
  103  11:40  Marauder  
  103  11:46  Marauder, Marine  
Show
View Real Time Build Order
Export as new Build Order

MacSed Protoss - Winner!

Build Orders: Dark Templar Rush 

Get SALT Encoding   

  12  0:00  Probe  
  13  0:12  Probe  
  14  0:18  Pylon  
  14  0:24  Probe  
  15  0:32  Probe  
  15  0:38  Gateway  
  15  0:40  Probe  
  17  0:50  Assimilator  
  17  0:51  Probe  
  18  1:03  Probe  
  19  1:15  Probe  
  20  1:26  Cybernetics Core  
  22  1:41  Probe  
  23  1:52  Adept  
  23  1:57  Assimilator  
  23  1:58  Pylon  
  23  2:00  Nexus  
  21  2:05  Warp Gate  
  23  2:14  Stalker  
  23  2:16  Probe  
  23  2:17  Shield Battery  
  23  2:28  Probe  
  26  2:40  Probe  
  27  2:45  Sentry  
  29  2:55  Probe  
  30  3:03  Twilight Council  
  30  3:07  Probe  
  31  3:12  Probe  
  31  3:15  Probe  
  33  3:20  Probe  
  33  3:22  Robotics Facility  
  33  3:23  Probe  
  35  3:29  Probe  
  35  3:33  Probe  
  36  3:40  Gateway  
  37  3:41  Probe, Gateway  
  37  3:47  Dark Shrine  
  38  3:50  Probe  
  38  3:53  Probe  
  40  3:56  Stalker  
  40  4:02  Probe  
  43  4:03  Pylon  
  43  4:06  Probe  
  44  4:12  Warp Prism  
  44  4:14  Assimilator, Probe  
  44  4:16  Assimilator  
  45  4:18  Probe  
  48  4:26  Probe  
  48  4:28  Pylon  
  49  4:31  Probe  
  49  4:38  Probe  
  51  4:43  Probe  
  52  4:48  Pylon  
  52  4:50  Probe  
  53  4:55  Probe  
  53  4:58  Pylon  
  54  5:00  Dark Templar x3  
  54  5:03  Probe  
  54  5:06  Observer  
  54  5:07  Pylon  
  62  5:13  Forge  
  62  5:17  Robotics Bay  
  62  5:19  Probe  
  62  5:20  Probe  
  64  5:25  Charge  
  62  5:38  Observer  
  62  5:41  Dark Templar  
  64  5:47  Gateway  
  64  5:48  Gateway, Shield Battery  
  65  5:52  Stalker, Gateway  
  65  6:03  Probe  
  58  6:05  Probe  
  58  6:10  Stalker  
  56  6:14  Probe  
  56  6:15  Probe  
  51  6:19  Colossus  
  51  6:22  Probe  
  51  6:23  Probe  
  46  6:30  Probe  
  46  6:32  Probe  
  54  6:41  Extended Thermal Lance, Probe  
  53  6:49  Probe  
  53  6:51  Probe  
  53  6:55  Observer  
  53  6:59  Probe  
  53  7:01  Probe  
  53  7:05  Colossus  
  53  7:08  Probe  
  55  7:13  Probe  
  57  7:19  Protoss Ground Weapons Level 1  
  57  7:20  Probe  
  64  7:25  Probe  
  65  7:32  Probe  
  66  7:37  Probe, Gateway  
  66  7:39  Gateway  
  67  7:45  Gateway  
  67  7:47  Probe  
  68  7:55  Pylon  
  68  8:00  Templar Archives  
  68  8:05  Probe  
  69  8:07  Colossus  
  69  8:09  Probe  
  76  8:18  Zealot x2  
  80  8:24  Pylon  
  80  8:26  Psionic Storm  
  80  8:30  Shield Battery  
  80  8:32  Zealot  
  82  8:40  High Templar x2  
  86  8:53  Zealot x2  
  86  8:54  Warp Prism  
  90  9:00  Gateway  
  90  9:02  Gateway  
  92  9:07  High Templar x2  
  96  9:12  Zealot x3  
  96  9:16  Pylon  
  102  9:25  Nexus  
  102  9:35  Pylon  
  102  9:36  Protoss Ground Armor Level 1  
  102  9:38  High Templar  
  103  9:49  Zealot x3  
  109  9:54  Pylon  
  109  10:01  Dark Templar x2  
  109  10:03  Probe  
  109  10:06  Archon  
  114  10:09  Observer  
  114  10:14  Zealot x3  
  120  10:22  Probe  
  117  10:42  Archon  
  116  10:45  Zealot x8  
  108  11:02  Stalker  
  102  11:05  Dark Templar  
  102  11:06  Zealot x4  
  110  11:16  Stalker x2  
  114  11:18  Probe x3  
  117  11:25  Stalker  
  117  11:26  Stalker  
  117  11:30  Probe  
  122  11:35  Dark Templar  
  124  11:49  Stalker x4  
  110  12:12  Archon  
Tags
 
Add a new tag
Caveats
  • Supply blocks, unpowered buildings, or Contaminate may cause inaccurate times.
  • Supply counts are checked every 10 seconds.